Map: Abyssal Reef LE

Players

McMonMEMEroe - Winner!

  • Race: Zerg Zerg
  • League: Master
  • Spawn Location: 11:00

Teletubby

  • Race: Terran Terran
  • League: Master
  • Spawn Location: 5:00

VOD

https://go.twitch.tv/videos/186074637

Description

Time

  • Played on: Oct. 28, 2017, 9 p.m.
  • Length: 12:40
Show
View Real Time Build Order
Export as new Build Order

McMonMEMEroe Zerg - Winner!

Build Orders: Hatch First, Muta Ling Bane 

Get SALT Encoding   

  12  0:00  Drone  
  13  0:12  Overlord  
  13  0:16  Drone  
  14  0:32  Drone x2  
  14  0:34  Drone  
  17  0:53  Hatchery  
  17  0:54  Drone  
  17  0:58  Drone  
  18  1:08  Extractor  
  17  1:13  Spawning Pool  
  17  1:16  Drone  
  17  1:20  Drone  
  18  1:27  Drone  
  19  1:38  Overlord  
  19  2:00  Queen  
  21  2:01  Zergling x4  
  21  2:04  Queen  
  21  2:05  Zergling x2  
  26  2:10  Metabolic Boost  
  26  2:11  Drone  
  27  2:15  Drone  
  27  2:22  Drone  
  29  2:26  Drone  
  30  2:34  Overlord  
  30  2:36  Queen  
  32  2:42  Queen  
  34  2:44  Drone  
  34  2:47  Drone  
  34  2:50  Overlord  
  36  2:53  Drone  
  37  2:58  Drone  
  37  3:04  Drone  
  39  3:09  Drone x2  
  41  3:13  Drone  
  41  3:15  Drone x4  
  46  3:27  Hatchery  
  46  3:30  Overlord  
  45  3:41  Drone x4  
  45  3:43  Overlord  
  45  3:45  Zergling x4  
  45  3:47  Zergling x2  
  52  3:55  Queen  
  54  3:57  Queen  
  56  4:04  Drone x4  
  56  4:08  Overlord  
  60  4:13  Drone x3  
  63  4:18  Evolution Chamber  
  63  4:19  Evolution Chamber  
  63  4:20  Overlord  
  61  4:27  Overlord  
  61  4:28  Drone x3  
  64  4:32  Drone x2  
  66  4:43  Spore Crawler  
  66  4:44  Spore Crawler  
  64  4:46  Spore Crawler, Queen  
  64  4:47  Drone  
  64  4:48  Drone  
  64  4:51  Zerg Melee Weapons Level 1  
  67  4:54  Zerg Ground Armor Level 1  
  67  4:57  Drone x3  
  71  5:00  Drone x2  
  71  5:04  Drone x3  
  72  5:17  Zergling x6  
  72  5:21  Drone x6  
  72  5:25  Extractor, Lair  
  72  5:27  Extractor  
  76  5:32  Drone x4  
  76  5:33  Extractor, Drone, Baneling Nest  
  76  5:34  Drone  
  76  5:35  Drone  
  81  5:40  Overlord  
  81  5:45  Drone x2  
  81  5:46  Overlord x2  
  82  5:51  Extractor  
  81  6:00  Extractor, Drone x9  
  89  6:06  Hatchery  
  89  6:08  Overlord  
  88  6:12  Zergling x8  
  92  6:22  Zergling x4  
  92  6:25  Hatchery  
  90  6:34  Centrifical Hooks  
  90  6:37  Zergling x14  
  97  6:46  Zergling x14  
  104  6:50  Zerg Melee Weapons Level 2  
  104  6:53  Zerg Ground Armor Level 2  
  103  7:11  Drone  
  103  7:12  Spire  
  103  7:16  Zergling x12  
  103  7:17  Zergling x8  
  103  7:18  Baneling x8  
  103  7:19  Baneling x2  
  103  7:22  Drone x4  
  117  7:26  Overlord  
  116  7:36  Drone  
  116  7:37  Extractor, Drone x2  
  119  7:43  Overlord  
  118  7:47  Queen  
  118  7:48  Overlord x3  
  118  7:49  Drone x2  
  122  7:59  Zergling x10  
  122  8:00  Zergling x4  
  122  8:04  Drone x5  
  122  8:05  Drone  
  135  8:12  Drone  
  136  8:21  Hatchery  
  136  8:26  Baneling  
  136  8:27  Zergling x2, Baneling x8  
  135  8:28  Zergling x16  
  141  8:39  Drone  
  141  8:40  Zerg Flyer Weapons Level 1, Overseer  
  141  8:41  Mutalisk x8, Pneumatized Carapace  
  142  8:45  Hatchery  
  157  8:51  Mutalisk x4  
  165  9:01  Overlord x8  
  155  9:22  Mutalisk x6  
  161  9:32  Baneling x8  
  161  9:40  Overlord x2  
  161  9:41  Zergling x28  
  161  9:42  Zergling x6  
  178  9:46  Infestation Pit  
  178  9:52  Baneling x8  
  173  10:04  Zergling x10  
  173  10:05  Zergling x16  
  180  10:22  Mutalisk x6  
  192  10:33  Hive  
  188  10:45  Zergling x16  
  188  10:46  Zergling x16  
  183  10:50  Zergling x18  
  147  11:02  Zergling x12  
  149  11:08  Zergling x12  
  149  11:09  Zergling x30  
  149  11:10  Baneling x16  
  170  11:14  Baneling  
  170  11:15  Mutalisk x3, Baneling x2  
  170  11:17  Zergling x8  
  176  11:26  Baneling x4  
  176  11:27  Baneling  
  170  11:36  Zergling x40  
  183  11:40  Baneling x9  
  168  11:51  Zergling x26  
  164  11:58  Ultralisk Cavern  
  149  12:14  Mutalisk x2  
  149  12:15  Mutalisk x2  
  150  12:17  Zergling x26  
Show
View Real Time Build Order
Export as new Build Order

Teletubby Terran 

Build Orders: Hellion Opening, Reaper Expand, MMM Bio 

Get SALT Encoding   

  12  0:00  SCV  
  13  0:12  SCV  
  14  0:17  Supply Depot  
  14  0:24  SCV  
  15  0:30  Refinery  
  15  0:39  SCV  
  16  0:45  Barracks  
  16  0:51  SCV  
  17  1:03  SCV  
  18  1:15  SCV  
  19  1:33  Reaper, Orbital Command  
  20  1:44  Command Center  
  20  1:58  Factory  
  20  2:02  SCV  
  20  2:07  Barracks Reactor  
  21  2:12  Refinery  
  21  2:14  SCV  
  22  2:19  Supply Depot  
  22  2:26  SCV  
  23  2:41  SCV  
  24  2:46  Starport  
  24  2:53  SCV  
  24  2:54  Barracks Tech Lab, Hellion x2  
  29  3:03  Orbital Command  
  29  3:07  SCV  
  30  3:18  Hellion x2  
  34  3:22  SCV  
  35  3:29  SCV  
  35  3:33  Viking  
  38  3:36  Barracks Tech Lab  
  38  3:37  SCV  
  38  3:44  SCV  
  38  3:47  Supply Depot  
  39  3:50  Hellion  
  39  3:51  Hellion  
  39  3:53  SCV  
  44  3:59  SCV  
  44  4:01  Stimpack  
  45  4:08  Raven, SCV  
  48  4:13  Supply Depot, SCV  
  49  4:20  SCV  
  49  4:22  Command Center  
  50  4:26  SCV  
  50  4:28  Factory Reactor  
  51  4:37  Barracks x2  
  51  4:42  SCV x2  
  53  4:51  Engineering Bay  
  53  4:52  Engineering Bay  
  53  4:53  Raven  
  55  5:00  SCV x2  
  55  5:02  Marine  
  55  5:04  Refinery  
  55  5:06  Refinery  
  58  5:12  SCV  
  58  5:13  SCV  
  54  5:23  Marine  
  54  5:25  Terran Infantry Weapons Level 1, SCV x2  
  55  5:29  Terran Infantry Armor Level 1  
  55  5:30  Marine x2  
  57  5:35  Marine x2  
  57  5:36  Barracks  
  57  5:37  Barracks  
  57  5:39  SCV x2  
  57  5:41  Marine  
  62  5:44  Orbital Command  
  62  5:49  Factory Reactor  
  62  5:51  SCV  
  62  5:52  Marine x2  
  62  5:53  Marine  
  62  5:54  Marine  
  62  5:56  SCV  
  68  5:59  Starport Reactor, Marine  
  69  6:08  Orbital Command  
  69  6:10  Supply Depot, SCV x2  
  71  6:14  Marine x2  
  71  6:15  Marine x2  
  71  6:17  Marine  
  76  6:20  Armory  
  76  6:22  SCV  
  77  6:25  Barracks Reactor  
  77  6:32  Marine x2, SCV  
  79  6:33  Supply Depot  
  79  6:35  Supply Depot  
  79  6:37  Marine x3, SCV x2  
  85  6:43  Supply Depot  
  85  6:45  Supply Depot  
  85  6:54  Marine x4  
  85  6:55  Medivac x2  
  85  6:56  Marine  
  85  6:59  Marine x2  
  96  7:02  SCV x2  
  96  7:05  Siege Tank  
  96  7:08  Barracks x2  
  101  7:11  SCV  
  101  7:12  Marine x3  
  101  7:14  Barracks  
  105  7:15  Marine  
  105  7:16  Marine x3  
  105  7:17  Marine x2  
  105  7:18  SCV  
  112  7:31  Marine x2  
  114  7:38  Marine x3  
  114  7:39  Marine x2  
  117  7:44  Refinery x2  
  117  7:45  Factory  
  117  7:46  Supply Depot  
  117  7:47  Supply Depot  
  117  7:49  Terran Infantry Weapons Level 2, Siege Tank, SCV x3, Marine  
  117  7:50  Terran Infantry Armor Level 2  
  124  7:59  Marine  
  124  8:04  Barracks Tech Lab x2  
  124  8:05  Supply Depot x2, Barracks Tech Lab  
  125  8:07  Marine x3  
  125  8:09  Supply Depot, SCV x3  
  131  8:13  Terran Vehicle Weapons Level 1  
  131  8:21  SCV x3  
  131  8:24  Siege Tank  
  131  8:25  Medivac x2  
  131  8:26  Marine x2  
  141  8:41  Supply Depot, Concussive Shells  
  141  8:43  Combat Shields  
  141  8:44  Marine x4  
  141  8:45  Marine x2, Marauder x3  
  141  8:46  Factory Tech Lab  
  153  9:00  Marine x3  
  153  9:01  Siege Tank  
  153  9:02  Marine  
  160  9:05  Supply Depot x2  
  160  9:06  Marauder x2  
  163  9:12  SCV x3  
  163  9:15  Marine x3  
  163  9:16  Supply Depot, Marine, Marauder  
  153  9:26  Missile Turret  
  153  9:27  Missile Turret  
  153  9:29  Missile Turret  
  151  9:32  Thor  
  151  9:33  Siege Tank  
  160  9:44  Command Center  
  160  9:47  Marine x3  
  160  9:48  Missile Turret  
  161  9:54  Marine x4  
  161  9:55  Marauder  
  160  10:06  Bunker  
  160  10:11  Marine  
  160  10:12  Marine x3, Marauder  
  164  10:15  SCV x2  
  157  10:32  Marine, SCV x3  
  157  10:33  Marine x2  
  163  10:43  Marine x2  
  163  10:44  Marauder  
  163  10:48  Marine  
  143  10:50  Marine  
  143  10:55  Marine  
  143  10:56  Marine x2  
  135  11:01  Marine x2  
  134  11:04  Marine  
  134  11:11  Medivac x2  
  139  11:21  Marine x2  
  139  11:24  Marine  
  139  11:25  Siege Tank  
  139  11:32  Marine x3  
  137  11:33  Marine x2, Marauder  
  137  11:36  Marine  
  137  11:39  Marine x3  
  113  11:48  Marine x2  
  113  11:50  Marine x3  
  113  11:51  Marine x2  
  97  11:54  Marauder  
  97  11:59  Marine x4  
  94  12:01  Orbital Command  
  80  12:09  Marine x3  
  80  12:10  Marine, Marauder  
  80  12:15  Marine  
  68  12:19  Marine x2  
Tags
 
Add a new tag
Caveats
  • Supply blocks, unpowered buildings, or Contaminate may cause inaccurate times.
  • Supply counts are checked every 10 seconds.